Unix NetHack Version 3.7.0-53 Work-in-progress - last build Apr 1 2022 12:02:44 (7e311aa8f678825fd515f266b121b8a7a7199ace,branch:master). Game began 2022-04-02 15:06:20, ended 2022-04-02 16:14:47. elenmirie, neutral female human Tourist -------------------------------- |..............................| |...----- ----.------+-----...| |...|)).| |..|.-.!%. |(.(|...| |...|f+@| |..-.|.]%. |(..|.... |...|@df| |---.--------...|...| |...--'--+--...........--|--.... |......f.......................| ............{.-|-----.{......... |.........@...|.. |..........| |....--|--....|.... |..--|--...| |.----...-|--.|.._..-- ...|.... |.| |(((|..|.|.....| |+++|...| -------- # ##|.+ |!((|..|.------| |?++|...| |.......#####|.-----------.......--------...| |......|## ##...............................| |.....)[#####-------------------------------- |.<....| # -------- Elenmirie the Excursionist St:13 Dx:12 Co:18 In:14 Wi:10 Ch:14 Neutral Dlvl:6 $:386 HP:0(56) Pw:24(24) AC:6 Xp:6/453 T:4520 Latest messages: Are you sure you want to pray? [yn] (n) y You begin praying to The Lady. You are surrounded by a shimmering light. The rope golem loosens its grip slightly. The rope golem loosens its grip slightly. The housecat drops a dart. The dog picks up a dart. The housecat picks up a dart. You finish your prayer. You feel that The Lady is well-pleased. You feel much better. You miss the rope golem. The rope golem hits! The rope golem hits! You are being choked. The housecat drops a dart. In what direction? n The dart hits the rope golem. The dog drops a dart. In what direction? n The dart hits the rope golem. The rope golem hits! The rope golem hits! You are being choked. The housecat picks up a dart. In what direction? n The dart hits the rope golem. The rope golem hits! The rope golem hits! You are being choked. The housecat drops a dart. In what direction? n The dart hits the rope golem. The rope golem hits! The rope golem hits! You are being choked. The housecat bites it. The housecat picks up a dart. In what direction? n The dart hits the rope golem. The rope golem hits! The rope golem hits! You are being choked. You die... Matagami gratefully inherits all your possessions. Do you want to see what you had when you died? [ynq] (y) y Do you want to see your attributes? [ynq] (y) y Do you want an account of creatures vanquished? [ynaq] (y) y Do you want to see your conduct and achievements? [ynq] (y) y Do you want to see the dungeon overview? [ynq] (y) y Major events: Turn 1: elenmirie the neutral female human Tourist entered the dungeon 862: entered the Gnomish Mines 1873: attained the rank of Sightseer (level 3) 3571: reached Mine Town 3851: attained the rank of Excursionist (level 6) 4520: killed by a rope golem Inventory: Coins $ - 386 gold pieces Amulets p - a cursed amulet of strangulation Weapons l - 27 uncursed +2 darts (at the ready) C - 9 uncursed +0 darts v - 3 uncursed +0 daggers G - a blessed +0 orcish dagger a - an uncursed +0 mace (weapon in hand) Armor I - an uncursed +1 orcish helm (being worn) A - an uncursed +0 pair of high boots (being worn) O - a blessed +1 dwarvish cloak i - an uncursed +0 Hawaiian shirt with an orchid motif (being worn) Comestibles c - an uncursed apple b - 4 uncursed food rations o - an uncursed tripe ration L - an uncursed lizard corpse Scrolls E - an uncursed scroll of destroy armor r - a blessed scroll of food detection t - an uncursed scroll of food detection N - a cursed scroll of gold detection x - an uncursed scroll of identify S - an uncursed scroll of light h - 4 uncursed scrolls of magic mapping U - an uncursed scroll of remove curse Spellbooks q - an uncursed spellbook of cure blindness s - an uncursed spellbook of force bolt Potions T - 2 uncursed potions of monster detection J - an uncursed potion of water Wands F - an uncursed wand of make invisible (0:3) y - an uncursed wand of striking (0:5) M - an uncursed wand of striking (0:2) Tools w - an empty uncursed bag of holding n - a cursed fire horn named THE HORN OF YENDOR (0:0) B - an uncursed brass lantern k - an uncursed credit card j - an uncursed expensive camera (0:75) Q - an uncursed tallow candle P - an uncursed tin whistle Elenmirie the Tourist's attributes: Background: You were an Excursionist, a level 6 female human Tourist. You were neutral, on a mission for The Lady who was opposed by Blind Io (lawful) and Offler (chaotic). You were in the Gnomish Mines, on level 6. You entered the dungeon 4520 turns ago. There was a new moon in effect when your adventure ended. You had 453 experience points, 187 more were needed to attain level 7. Basics: You had 0 out of 56 hit points. You had all 24 energy points (spell power). Your armor class was 6. Your wallet contained 386 zorkmids. Autopickup was on, but temporarily disabled while inside the shop. Final Characteristics: Your strength was 13 (limit:18/100). Your dexterity was 12 (limit:18). Your constitution was 18 (limit:18). Your intelligence was 14 (limit:18). Your wisdom was 10 (limit:18). Your charisma was 14 (limit:18). Final Status: You were held by a rope golem (southeast). You were not hungry. You were unencumbered. You were wielding a mace. You had basic skill with mace. Final Attributes: You were piously aligned. You were poison resistant. You are dead. Miscellaneous: You never encountered a bones level. Total elapsed playing time was 58 minutes and 33 seconds. Vanquished creatures: a brown pudding a lizard a jaguar a human zombie an imp a water nymph a rock piercer 2 fog clouds 2 gnome leaders 2 gnomish wizards a guardian naga hatchling a gray ooze a straw golem a little dog 3 dwarves a homunculus a kobold shaman 4 hill orcs a rothe a giant bat an orc zombie a dwarf zombie 3 iguanas 3 coyotes a gas spore 2 hobbits a large kobold 2 giant rats 3 cave spiders 15 gnomes 2 garter snakes 2 gnome zombies 4 geckos 4 jackals 2 foxes 3 goblins a sewer rat 11 grid bugs a lichen a kobold zombie 8 newts 99 creatures vanquished. No species were genocided or became extinct. Voluntary challenges: You were illiterate. You never engraved Elbereth. You never genocided any monsters. You never polymorphed an object. You never changed form. You used no wishes. Achievements: You entered the Gnomish Mines. You attained the rank of Sightseer. You entered Minetown. You attained the rank of Excursionist. You entered a shop. The Dungeons of Doom: levels 1 to 5 Level 1: A sink. Level 2: Some fountains. Stairs down to The Gnomish Mines. Level 3: A sink. Level 4: A fountain. Level 5: Many fountains. Oracle of Delphi. The Gnomish Mines: levels 3 to 6 Level 3: Level 4: Level 5: Level 6: <- You were here. Some shops, an altar, some fountains. Final resting place for you, killed by a rope golem. Game over: ---------- / \ / REST \ / IN \ / PEACE \ / \ | elenmirie | | 0 Au | | killed by a rope | | golem | | | | | | 2022 | *| * * * | * _________)/\\_//(\/(/\)/\//\/|_)_______ Aloha elenmirie the Tourist... You died in The Gnomish Mines on dungeon level 6 with 2062 points, and 0 pieces of gold, after 4520 moves. You were level 6 with a maximum of 56 hit points when you died.